 Dungeon Crawl Stone Soup version 0.31-a0-816-gd61d57ddb1 (webtiles) character file.

Game seed: 15966234967693534580

2656285 Hawk the Slayer (level 27, 196/196 HPs)
             Began as a Tengu Berserker on Sept 22, 2023.
             Was a High Priest of Okawaru.
             Escaped with the Orb
             ... and 4 runes on Sept 23, 2023!
             The game lasted 02:02:25 (57729 turns).

Hawk the Slayer (Tengu Berserker)                  Turns: 57729, Time: 02:02:25

Health: 196/196    AC: 33    Str: 23    XL:     27
Magic:  36/36      EV: 39    Int: 10    God:    Okawaru [*****.]
Gold:   2208       SH: 26    Dex: 39    Spells: 24/26 levels left

rFire   + + +        f - +3 eudemon blade of the Hawk {holy, rCorr}
rCold   + . .        N - +5 kite shield {AC+3}
rNeg    + + +        L - +4 chain mail "Yron" {rF++ rN+ Dex+4}
rPois   +            m - +0 hat of the Growing Gods {rElec rPois Str-2 Dex+9}
rElec   +            l - +4 dragonskin cloak
rCorr   +            y - +2 pair of gloves
SInv    .            (boots unavailable)
Will    +++..        E - amulet of Ekhaett {Acrobat Str+7 Dex-4 Slay+6}
Stlth   +            F - ring "Yntodont" {rC+ Slay+3}
HPRegen 0.52/turn    n - ring "Tootah" {Drain rF+ rN+++ Will+ Int+3}
MPRegen 0.25/turn

%: acrobat
@: flying, studying Maces & Flails
A: beak, talons 3, evasive flight, acrobatic, agile 1, poison resistance,
MP-powered wands
0: Orb of Zot
}: 4/15 runes: serpentine, barnacled, slimy, silver
a: Renounce Religion, Heroism, Finesse, Duel


You escaped.
You worshipped Okawaru.
Okawaru was extremely pleased with you.
You visited 12 branches of the dungeon, and saw 56 of its levels.
You also visited: Bailey, Gauntlet and Ice Cave.

You collected 9689 gold pieces.
You spent 7481 gold pieces at shops.

Inventory:

Hand Weapons
 f - the +3 eudemon blade of the Hawk (weapon) {holy, rCorr}
   (You bought it in a shop on level 1 of the Depths)

   rCorr:     It protects you from acid and corrosion.
 A - a +9 vampiric demon blade
 D - a +9 antimagic quick blade
Missiles
 H - 8 throwing nets
Armour
 l - the +4 dragonskin cloak (worn)
   (You took it off Tiamat on level 1 of the Realm of Zot)

   Avatar's Aegis: It grants the wearer a chance to resist fire, cold, poison,
   electricity, acid, and negative energy.
 m - the +0 hat of the Growing Gods (worn) {rElec rPois Str-2 Dex+9}
   (Okawaru gifted it to you on level 2 of the Crypt)

   Str-2:     It affects your strength (-2).
   Dex+9:     It affects your dexterity (+9).
   rElec:     It insulates you from electricity.
   rPois:     It protects you from poison
 y - a +2 pair of gloves (worn)
 L - the +4 chain mail "Yron" (worn) {rF++ rN+ Dex+4}
   (You found it on level 5 of the Pits of Slime)

   Dex+4:     It affects your dexterity (+4).
   rF++:      It greatly protects you from fire.
   rN+:       It protects you from negative energy.
 N - a +5 kite shield of protection (worn)
Jewellery
 d - a ring of resist corrosion
 n - the ring "Tootah" (right hand) {Drain rF+ rN+++ Will+ Int+3}
   (You took it off a deep elf annihilator on level 3 of the Elven Halls)

   [ring of protection from fire]

   Int+3:     It affects your intelligence (+3).
   rF+:       It protects you from fire.
   rN+++:     It renders you almost immune to negative energy.
   Will+:     It increases your willpower.
   Drain:     It drains your maximum health when unequipped.
 u - a +6 ring of intelligence
 E - the amulet of Ekhaett (around neck) {Acrobat Str+7 Dex-4 Slay+6}
   (You found it on level 3 of the Crypt)

   [amulet of the acrobat]

   Acrobat:   It increases your evasion while moving and waiting.
   Str+7:     It affects your strength (+7).
   Dex-4:     It affects your dexterity (-4).
   Slay+6:    It affects your accuracy & damage with ranged weapons and melee
   (+6).
 F - the ring "Yntodont" (left hand) {rC+ Slay+3}
   (You took it off an ironbound convoker on level 5 of the Vaults)

   [ring of protection from cold]

   Slay+3:    It affects your accuracy & damage with ranged weapons and melee
   (+3).
   rC+:       It protects you from cold.
 P - an amulet of regeneration
Wands
 a - a wand of iceblast (47)
 p - a wand of digging (15)
 Y - a wand of acid (44)
Scrolls
 c - a scroll of revelation
 e - 3 scrolls of immolation
 i - 5 scrolls of silence
 k - 5 scrolls of poison
 o - 3 scrolls of blinking
 r - 9 scrolls of teleportation
 t - 4 scrolls of fog
 M - 6 scrolls of fear
Potions
 b - 5 potions of resistance
 g - a potion of mutation
 h - 6 potions of haste
 j - 13 potions of curing
 q - 6 potions of enlightenment
 v - 3 potions of invisibility
 z - 6 potions of might
 B - 5 potions of cancellation
 C - 6 potions of attraction
 K - 15 potions of heal wounds
 S - 10 potions of ambrosia
 W - 2 potions of berserk rage
Miscellaneous
 s - a lightning rod (4/4)


   Skills:
 - Level 26.0 Fighting
 - Level 14.0(16.2) Short Blades
 - Level 13.5(16.0) Long Blades
 - Level 22.0 Armour
 - Level 22.0 Dodging
 - Level 6.0 Stealth
 - Level 22.0 Shields
 - Level 11.0 Transmutations
 + Level 17.2 Invocations
 - Level 7.0 Shapeshifting


You had 24 spell levels left.
You knew the following spells:

 Your Spells              Type           Power      Damage    Failure   Level
a - Wereblood             Tmut           22%        N/A       1%          2

Your spell library contained the following spells:

 Spells                   Type           Power      Damage    Failure   Level
 Sting                    Tmut/Pois      44%        1d5       13%         1
 Passwall                 Tmut/Erth      9%         N/A       19%         2
 Ignite Poison            Fire/Tmut/Pois 7%         N/A       63%         3
 Foxfire                  Conj/Fire      0%         2x1d4     77%         1
 Freeze                   Ice            0%         1d3       77%         1
 Necrotise                Necr           0%         1d4       77%         1
 Sandblast                Erth           0%         2d4       77%         1
 Petrify                  Tmut/Erth      11%        N/A       77%         4
 Blink                    Tloc           0%         N/A       88%         2
 Poisonous Vapours        Pois/Air       0%         N/A       88%         2
 Sublimation of Blood     Necr           0%         N/A       88%         2
 Frozen Ramparts          Ice            0%         1d1       98%         3
 Hailstorm                Conj/Ice       0%         3d3       98%         3
 Inner Flame              Hex/Fire       0%         N/A       98%         3
 Ozocubu's Armour         Ice            0%         N/A       98%         3
 Sigil of Binding         Hex            0%         N/A       98%         3
 Stone Arrow              Conj/Erth      0%         3d7       98%         3
 Vampiric Draining        Necr           0%         2d6       98%         3
 Volatile Blastmotes      Fire/Tloc      0%         2d10      98%         3
 Alistair's Intoxication  Tmut/Pois      7%         N/A       98%         5
 Irradiate                Conj/Tmut      5%         3d13      98%         5
 Anguish                  Hex/Necr       0%         N/A       100%        4
 Brom's Barrelling Bould  Conj/Erth      0%         2d3       100%        4
 Cause Fear               Hex            0%         N/A       100%        4
 Dimensional Bullseye     Hex/Tloc       0%         N/A       100%        4
 Dispel Undead            Necr           0%         3d6       100%        4
 Iskenderun's Mystic Bla  Conj/Tloc      0%         2d3       100%        4
 Leda's Liquefaction      Hex/Erth       0%         N/A       100%        4
 Manifold Assault         Tloc           0%         N/A       100%        4
 Olgreb's Toxic Radiance  Pois           0%         N/A       100%        4
 Passage of Golubria      Tloc           0%         N/A       100%        4
 Sticky Flame             Conj/Fire      0%         2d3       100%        4
 Agony                    Necr           0%         N/A       100%        5
 Borgnjor's Vile Clutch   Necr/Erth      0%         N/A       100%        5
 Metabolic Englaciation   Hex/Ice        0%         N/A       100%        5
 Dispersal                Tloc           0%         N/A       100%        6
 Eringya's Noxious Bog    Tmut/Pois      5%         4d6       100%        6
 Plasma Beam              Fire/Air       0%         2x1d10    100%        6
 Starburst                Conj/Fire      0%         6d3       100%        6
 Enfeeble                 Hex            0%         N/A       100%        7
 Borgnjor's Revivificati  Necr           0%         N/A       100%        8
 Ignition                 Fire           0%         3d3       100%        8
 Lehudib's Crystal Spear  Conj/Erth      0%         10d2      100%        8
 Death's Door             Necr           0%         N/A       100%        9
 Call Canine Familiar     Summ           Unusable   N/A       N/A         3
 Animate Armour           Summ/Erth      Unusable   N/A       N/A         4
 Animate Dead             Necr           Unusable   N/A       N/A         4
 Summon Forest            Summ/Tloc      Unusable   N/A       N/A         5
 Simulacrum               Ice/Necr       Unusable   N/A       N/A         6
 Haunt                    Necr/Summ      Unusable   N/A       N/A         7
 Summon Hydra             Summ           Unusable   N/A       N/A         7
 Infestation              Necr           Unusable   N/A       N/A         8

Dungeon Overview and Level Annotations

Branches:
Dungeon (15/15)            Temple (1/1) D:5            Lair (5/5) D:9
 Shoals (4/4) Lair:2        Snake (4/4) Lair:3        Slime (5/5) Lair:5
    Orc (2/2) D:9             Elf (3/3) Orc:2        Vaults (5/5) D:13
  Crypt (3/3) Vaults:3       Tomb (0/3) Crypt:3      Depths (4/4) D:15
    Zot (5/5) Depths:4     Bailey (visited)           IceCv (visited)
Gauntlet (visited)

Altars:
Ashenzari
Cheibriados
Dithmenos
Elyvilon
Fedhas
Gozag
Hepliaklqana
Kikubaaqudgha
Makhleb
Nemelex Xobeh
Okawaru
Qazlal
Ru
Sif Muna
Trog
Uskayaw
Vehumet
Wu Jian
Xom
Yredelemnul
Zin
The Shining One
Jiyva
Lugonu

Shops:
D:7 :   Orc:2 (:*=   Elf:1 [   Elf:2 :   Snake:4 *   Vaults:3 ?   Vaults:5 !?
Depths:1 *

Portals:
Hell: Depths:1 Depths:2 Depths:3 Depths:4
Abyss: Depths:1 Depths:3
Pandemonium: Depths:2 Depths:4
Ziggurat: Depths:2

Annotations:
Snake:1 2 runed translucent doors, Talonman3's ghost, journeyman DsNe
Snake:2 2 transporters, Tristus's ghost, adept HOBe
Elf:1 1 runed translucent door
Vaults:1 2 transporters, Gargoyl's ghost, adept GrBe
Depths:1 Boris
Zot:1 36 runed doors


Innate Abilities, Weirdness & Mutations

You have a beak for a mouth.
You have claws for feet.
Your magical flight helps you evade attacks. (EV +4)
You can magically evade attacks while moving or waiting.
You are agile. (Dex +4, Str/Int -1)
Your system is resistant to poisons. (rPois)
You expend magic power (3 MP) to strengthen your wands.


Message History

There is an open door here.
Things that are here:
a +0 club; a +0 leather armour; a +0 mace A green death comes into view.
There is a stone staircase leading up here.
There is a stone staircase leading up here.
You fly upwards.
There is a stone staircase leading down here.
There is a stone staircase leading up here.
You fly upwards.
There is a stone staircase leading down here.
A chaos spawn comes into view.
There is a stone staircase leading up here.
You fly upwards.
There is a stone staircase leading down here.
A soul eater comes into view.
The soul eater misses you.
You slice the soul eater like a ripe choko!!!
The soul eater convulses!!
You kill the soul eater!
Okawaru accepts your kill.
No target in view!
No target in view!
No target in view!
No target in view!
No target in view!
There is a stone staircase leading up here.
You fly upwards.
There is a stone staircase leading down here.
There is a stone staircase leading up here.
You fly upwards.
There is a stone staircase leading down here.
There is a stone staircase leading up here.
You fly upwards.
There is a stone staircase leading down here.
There is a stone staircase leading up here.
You fly upwards.
There is a stone staircase leading down here.
There is a staircase leading out of the dungeon here.
You have escaped!

#.....# #.....######
#.....#....##############
#.....#............#....##
#.....#..##.....#..#.>...#
#........##.######.#.....###
####.....##..8.....8..#.....†.#
.........##..#.....#..#..####.#
.........##..#..@..#..#....=..#
.........##..#.....#.....#..###
.........##..8.....8...#[#....#
.........##.######.##..#.#....#
....##....#..#.....#...#.###..#
......^..................###..#
.......................#...#..#
..........#....#....##.#.#.####
.......÷÷÷#....##...##.#.#.#


There were no monsters in sight!

Vanquished Creatures
  the Royal Jelly (Slime:5)
  2 dread liches (Zot:5)
  Tiamat (Zot:1)
  4 orbs of fire
  Khufu (Crypt:3)
  7 ancient liches
  Mara (Shoals:4)
  A juggernaut (Depths:3)
  2 royal mummies (Crypt:3)
  Boris (thrice) (Vaults:2 Crypt:1 Depths:4)
  Frederick (Vaults:4)
  Margery (Vaults:3)
  Saint Roka (Vaults:1)
  Bai Suzhen (Shoals:4)
  9 Killer Klowns
  5 caustic shrikes (Depths:3)
  3 curse toes
  3 golden dragons
  A profane servitor (Crypt:3)
  4 bone dragons
  2 hellephants
  2 doom hounds (Crypt:3)
  3 electric golems (Zot:5)
  A Tzitzimitl (D:10)
  Rupert (D:14)
  4 liches
  Zenata (Vaults:4)
  17 tentacled monstrosities
  Grunn (Crypt:3)
  25 Orb Guardians (Zot:5)
  3 sphinxes
  4 quicksilver dragons
  4 titans (Vaults:5)
  A deep elf blademaster (Elf:3)
  An ancient champion (Crypt:3)
  A walking divine tome (Depths:2)
  Gastronok (Lair:2)
  An Executioner (D:12)
  3 deep elf master archers (Elf:3)
  12 acid blobs
  6 death cobs
  3 krakens
  Polyphemus (Shoals:4)
  A pandemonium lord (D:12)
  Aizul (Shoals:3)
  6 tengu reavers
  A revenant (Crypt:3)
  Donald (Vaults:1)
  6 shadow dragons
  8 storm dragons
  4 draconian monks
  9 draconian knights
  Ilsuiw (Shoals:2)
  6 nagarajas
  8 rockslimes
  5 azure jellies
  9 frost giants
  9 fire giants
  Louise (Elf:2)
  9 draconian scorchers
  12 deep elf sorcerers
  4 ghost moths
  16 vault wardens
  22 ironbound preservers
  12 draconian shifters
  8 war gargoyles
  A ghoul (Crypt:3)
  9 draconian stormcallers
  A juggernaut skeleton (Crypt:2)
  5 formless jellyfish
  2 orc warlords
  7 draconian annihilators
  3 spriggan defenders
  13 quicksilver oozes
  12 very ugly things
  A caustic shrike skeleton (Crypt:3)
  25 stone giants
  8 ironbound thunderhulks
  14 black draconians
  6 vampire knights
  Nessos (D:15)
  18 white draconians
  4 deep elf demonologists
  6 deep elf annihilators
  A minotaur (Gauntlet)
  11 dire elephants
  19 purple draconians
  10 red draconians
  13 green draconians
  13 yellow draconians
  An eidolon (Crypt:1)
  25 ettins
  A blizzard demon (D:13)
  2 crystal guardians (Vaults:4)
  11 deep elf death magi
  8 merfolk impalers
  6 fire dragons
  23 jiangshi
  19 yaktaur captains
  6 deep elf high priests
  3 entropy weavers (Vaults:2)
  4 merfolk javelineers
  11 ice dragons
  A hydra (shapeshifter) (Vaults:5)
  12 great orbs of eyes
  3 hydras
  3 salamander tyrants (Snake:4)
  4 peacekeepers
  3 spriggan air magi
  2 rakshasas
  37 vault guards
  2 juggernaut simulacra (Vaults:1)
  8 ironbound frosthearts
  2 catoblepae
  2 spriggan skeletons
  6 centaur warriors
  3 ghost crabs (Vaults:1)
  2 hell beasts
  4 ogre magi
  4 boulder beetles
  6 anacondas
  8 death knights
  27 dancing weapons
  4 merfolk avatars
  3 satyrs
  6 deep troll earth magi
  19 death yaks
  6 tengu warriors
  11 two-headed ogres
  2 titan zombies
  6 merfolk aquamancers
  7 orc high priests (Orc:2)
  13 naga warriors
  5 deep troll shamans
  9 naga sharpshooters
  2 soul eaters
  6 spriggan berserkers
  8 shock serpents
  A shock serpent (shapeshifter) (Depths:2)
  9 vampire magi
  26 hell knights
  16 deep elf knights
  Urug (Lair:2)
  A titan skeleton (Depths:1)
  A skyshark (shapeshifter) (Vaults:5)
  7 iron trolls
  Amaemon (Lair:2)
  A bunyip zombie (Crypt:1)
  4 skysharks
  A shadow wraith (Crypt:3)
  14 sea snakes
  A storm dragon skeleton (Vaults:1)
  25 skeletal warriors
  70 deep trolls
  5 glowing orange brains
  3 salamander mystics (Snake:4)
  7 flayed ghosts
  7 wizards
  9 naga ritualists
  2 glowing orange brains (shapeshifter)
  2 anaconda skeletons (Crypt:2)
  3 spriggan simulacra
  A bunyip skeleton (Crypt:2)
  3 orange crystal statues
  An iron dragon zombie (Crypt:2)
  14 deep elf archers
  24 harpies
  19 ironbound convokers
  12 necromancers
  27 phantasmal warriors
  Pikel (D:5)
  An iron giant skeleton (Crypt:1)
  3 orc knights
  23 deep elf pyromancers
  24 deep elf zephyrmancers
  A harpy (shapeshifter) (D:14)
  7 large abominations
  2 shining eyes (Slime:5)
  A lindwurm (Vaults:2)
  10 mana vipers
  23 ugly things
  3 orc sorcerers
  A broodmother zombie (Crypt:2)
  17 cyclopes
  A fire giant zombie (Depths:1)
  28 moths of wrath
  15 manticores
  2 stone giant zombies (Depths:3)
  A wolf spider (Vaults:1)
  20 fauns
  A toenail golem (Depths:4)
  A salamander (shapeshifter) (Vaults:5)
  13 elephants
  2 shock serpent zombies
  46 black mambas
  11 merfolk sirens
  19 salamanders
  4 rust devils
  An elephant (shapeshifter) (Depths:1)
  17 naga magi
  An orange demon (Lair:2)
  A stone giant skeleton (Crypt:2)
  4 water nymphs
  19 vault sentinels
  6 guardian serpents
  A torpor snail (Lair:3)
  2 gargoyles
  4 cane toads
  4 unseen horrors
  An unseen horror zombie (Crypt:1)
  A purple draconian zombie (Crypt:2)
  A yellow draconian zombie (Crypt:1)
  Psyche (D:10)
  Jeremiah (D:6)
  A yaktaur (shapeshifter) (D:13)
  5 kobold demonologists
  7 rime drakes
  A rime drake (shapeshifter) (Elf:2)
  3 tengu conjurers
  A dire elephant skeleton (Crypt:2)
  A minotaur zombie (Gauntlet)
  7 komodo dragons
  5 anaconda simulacra
  3 efreet
  18 freezing wraiths
  A golden dragon simulacrum (IceCv)
  22 merfolk
  2 harpy zombies (Crypt:1)
  A hellwing (Depths:2)
  46 yaktaurs
  A hydra zombie (Crypt:2)
  A troll (shapeshifter) (Vaults:5)
  13 hornets
  A polar bear (shapeshifter) (Elf:3)
  6 trolls
  16 polar bears
  20 blink frogs
  3 wind drakes
  2 alligator simulacra (IceCv)
  A stone giant simulacrum (Crypt:3)
  A blink frog (shapeshifter) (Vaults:5)
  15 dream sheep
  7 snapping turtles
  Sigmund (D:3)
  An ice dragon skeleton (Crypt:2)
  125 slime creatures
  55 flying skulls (Crypt:3)
  A vampire (Bailey)
  4 air elementals
  2 centaur simulacra (Gauntlet)
  A ynoxinul (Depths:2)
  2 naga simulacra
  15 water elementals
  6 wraiths
  17 spriggans
  An ettin skeleton (Crypt:2)
  6 shadows
  A culicivora (Vaults:2)
  3 wyverns
  A black mamba skeleton (Crypt:2)
  40 yaks
  4 basilisks
  15 golden eyes
  7 chaos spawn
  A fire elemental (Elf:2)
  5 humans (Zot:2)
  3 redbacks (Vaults:2)
  A hog (shapeshifter) (D:13)
  13 vampire mosquitoes
  A steam dragon (D:8)
  4 harpy simulacra (IceCv)
  9 wargs
  Edmund (D:5)
  2 acid dragons
  45 nagas
  3 swamp worms (Gauntlet)
  A swamp worm (shapeshifter) (Vaults:5)
  2 naga zombies (Crypt:1)
  A hydra simulacrum (IceCv)
  A floating eye (Depths:2)
  18 water moccasins
  A floating eye (shapeshifter) (Vaults:5)
  2 hell hounds (Gauntlet)
  A deep troll skeleton (Crypt:2)
  A glowing shapeshifter skeleton (Vaults:1)
  An ice beast (Vaults:1)
  4 ettin simulacra
  24 orc warriors
  12 black bears
  3 sky beasts
  60 wolves
  17 ogres
  14 boggarts
  13 small abominations
  A boggart (shapeshifter) (Vaults:1)
  A phantom (D:7)
  7 centaurs
  7 kobold brigands
  A draconian zombie (Crypt:2)
  6 bullfrogs
  An earth elemental (Elf:2)
  7 gnoll sergeants
  A cyclops zombie (Depths:3)
  4 necrophages (Crypt:3)
  A glowing shapeshifter simulacrum (Vaults:1)
  A cane toad simulacrum (Gauntlet)
  2 scorpions
  A wyvern skeleton (Crypt:2)
  4 wights (D:6)
  2 spriggan zombies
  A troll zombie (Crypt:2)
  A lindwurm simulacrum (IceCv)
  10 killer bees
  5 howler monkeys
  A polar bear skeleton (Crypt:2)
  6 wolf zombies (Bailey)
  10 vampire bats
  3 hounds
  36 orc priests
  3 jellies
  4 iguanas
  A scorpion zombie (Crypt:1)
  15 orc wizards
  A mummy (Crypt:3)
  17 gnolls
  16 orc zombies (Bailey)
  9 adders
  3 ufetubi
  3 worms (D:2)
  A dart slug (D:1)
  92 orcs
  2 ball pythons
  5 bats
  4 endoplasms
  2 giant cockroaches
  11 goblins
  5 hobgoblins
  13 jackals
  15 quokkas
  3 frilled lizards
  18 kobolds
  5 rats
  A rat skeleton (Crypt:1)
  9 tentacles
2703 creatures vanquished.

Vanquished Creatures (collateral kills)
  A deep elf sorcerer (Elf:3)
  A deep elf elementalist (Elf:3)
  A deep elf demonologist (Elf:3)
  A deep elf annihilator (Elf:3)
  4 dancing weapons (Elf:2)
  A deep elf knight (Elf:3)
  A deep elf pyromancer (Elf:2)
10 creatures vanquished.

Vanquished Creatures (others)
  A black draconian (Zot:3)
  An anaconda (Snake:4)
  A vampire mage (Depths:1)
  A deep elf knight (Elf:2)
  A phantasmal warrior (Crypt:3)
  A hog (Vaults:1)
  A golden eye (Slime:2)
  3 boggarts
  9 tentacles
19 creatures vanquished.

Grand Total: 2732 creatures vanquished

Notes
Turn   | Place    | Note
-------+----------+-------------------------------------------
     0 | D:1      | Hawk the Tengu Berserker began the quest for the Orb.
     0 | D:1      | Reached XP level 1. HP: 14/14 MP: 2/2
    52 | D:1      | Reached XP level 2. HP: 19/19 MP: 3/3
   187 | D:1      | Reached XP level 3. HP: 18/23 MP: 4/4
   199 | D:1      | Reached ** piety under Trog
   418 | D:2      | Noticed a scorpion
   427 | D:2      | Killed a scorpion
   428 | D:2      | Reached XP level 4. HP: 28/28 MP: 5/5
   594 | D:2      | Reached XP level 5. HP: 32/32 MP: 6/6
   991 | D:3      | Found an ancient bone altar of Kikubaaqudgha.
  1054 | D:3      | Noticed Sigmund
  1057 | D:3      | Found an ornate altar of the Wu Jian Council.
  1067 | D:3      | Reached skill level 5 in Short Blades
  1073 | D:3      | Killed Sigmund
  1074 | D:3      | Reached skill level 4 in Fighting
  1074 | D:3      | Reached skill level 1 in Shields
  1074 | D:3      | Reached XP level 6. HP: 16/38 MP: 7/7
  1886 | D:4      | Gained mutation: Your magical flight helps you evade
                  | attacks. (EV +4) [Tengu growth]
  1886 | D:4      | Reached XP level 7. HP: 43/43 MP: 8/8
  1890 | D:4      | Reached *** piety under Trog
  2356 | D:5      | Entered Level 5 of the Dungeon
  2362 | D:5      | Found a sacrificial altar of Ru.
  2697 | D:5      | Found a staircase to the Ecumenical Temple.
  2702 | D:5      | Noticed Edmund
  2710 | D:5      | Killed Edmund
  2963 | D:5      | Noticed Pikel
  2977 | D:5      | Killed Pikel
  2978 | D:5      | Reached skill level 5 in Fighting
  2978 | D:5      | Reached XP level 8. HP: 49/49 MP: 9/9
  3210 | D:6      | Reached skill level 5 in Armour
  3312 | D:6      | Reached skill level 5 in Dodging
  3628 | D:6      | Reached **** piety under Trog
  3733 | D:6      | Reached skill level 1 in Shapeshifting
  3733 | D:6      | Reached XP level 9. HP: 54/54 MP: 10/10
  3793 | D:6      | Noticed Jeremiah
  3813 | D:6      | Killed Jeremiah
  3975 | D:6      | Found a shimmering blue altar of Sif Muna.
  4308 | D:7      | Found a snail-covered altar of Cheibriados.
  4332 | D:7      | Found a shadowy altar of Dithmenos.
  4427 | D:7      | Reached skill level 5 in Shapeshifting
  4596 | D:7      | Identified the +1 dagger "Okhlink" {flame, rPois rC- Str+9}
  4604 | D:7      | Found Vydghaho's Tremendous Tomes.
  4729 | D:8      | Found a flagged portal.
  4738 | Bailey   | Entered a bailey
  4802 | Bailey   | Noticed a gargoyle
  4818 | Bailey   | Killed a gargoyle
  4953 | Bailey   | Reached XP level 10. HP: 59/59 MP: 11/11
  5190 | D:8      | Found a transporter.
  5190 | D:8      | Found a transporter.
  5321 | D:8      | Found a transporter.
  5322 | D:8      | Found a transporter.
  5360 | D:8      | Noticed a two-headed ogre
  5375 | D:8      | Killed a two-headed ogre
  5376 | D:8      | Reached skill level 6 in Fighting
  5929 | D:9      | Reached ***** piety under Trog
  6219 | D:9      | Reached skill level 5 in Shields
  6245 | D:9      | Found a staircase to the Lair.
  6246 | D:9      | Noticed an elephant
  6256 | D:9      | Reached XP level 11. HP: 49/66 MP: 12/12
  6324 | D:9      | Reached skill level 10 in Short Blades
  6392 | D:9      | Found a staircase to the Orcish Mines.
  6424 | D:9      | Reached skill level 7 in Fighting
  6604 | D:10     | Entered Level 10 of the Dungeon
  6658 | D:10     | Found a bloodstained altar of Trog.
  6660 | D:10     | Found a blossoming altar of Fedhas.
  6666 | D:10     | Found a white marble altar of Elyvilon.
  6669 | D:10     | Found a broken altar of Ashenzari.
  6671 | D:10     | Found a hazy altar of Hepliaklqana.
  6689 | D:10     | Found a sparkling altar of Nemelex Xobeh.
  6736 | D:10     | Noticed Psyche
  6765 | D:10     | Killed Psyche
  7121 | D:10     | Found a stormy altar of Qazlal.
  7158 | D:10     | Identified 3 scrolls of acquirement
  7158 | D:10     | Acquired the +2 buckler of Snakes and Ladders {-Cast rPois
                  | Dex+6 Stlth+}
  7171 | D:10     | Acquired the ring of Ihibokh {Drain rC+ rN+ Dex+3}
  7178 | D:10     | Acquired a +2 quick blade of freezing
  7265 | D:10     | Gained mutation: You are vulnerable to cold. (rC-) [potion
                  | of mutation]
  7265 | D:10     | Gained mutation: You are partially covered in iridescent
                  | scales. (AC +2) [potion of mutation]
  7266 | D:10     | Lost mutation: You are partially covered in iridescent
                  | scales. (AC +2) [potion of mutation]
  7266 | D:10     | Lost mutation: You are vulnerable to cold. (rC-) [potion of
                  | mutation]
  7266 | D:10     | Gained mutation: Your natural rate of healing is unusually
                  | fast. [potion of mutation]
  7266 | D:10     | Gained mutation: You occasionally lose the ability to drink
                  | potions when taking damage. [potion of mutation]
  7266 | D:10     | Gained mutation: You sometimes lose your temper in combat.
                  | [potion of mutation]
  7276 | D:10     | Noticed a skeletal warrior
  7289 | D:10     | Killed a skeletal warrior
  7321 | D:10     | Lost mutation: You occasionally lose the ability to drink
                  | potions when taking damage. [potion of mutation]
  7321 | D:10     | Lost mutation: Your natural rate of healing is unusually
                  | fast. [potion of mutation]
  7321 | D:10     | Gained mutation: You are dopey. (Int -2) [potion of
                  | mutation]
  7321 | D:10     | Gained mutation: You are partially covered in iridescent
                  | scales. (AC +2) [potion of mutation]
  7321 | D:10     | Gained mutation: Your flesh is cold resistant. (rC+)
                  | [potion of mutation]
  7478 | D:11     | Reached XP level 12. HP: 73/73 MP: 13/13
  7478 | D:11     | Received a gift from Trog
  7504 | D:11     | Noticed a boulder beetle
  7507 | D:11     | Found a broken altar of Ashenzari.
  7519 | D:11     | Killed a boulder beetle
  7529 | D:11     | Found a gate leading to a gauntlet.
  7538 | Gauntlet | Entered a Gauntlet
  7538 | Gauntlet | Found a transporter.
  7543 | Gauntlet | Found a transporter.
  7544 | Gauntlet | Found a transporter.
  7557 | Gauntlet | Found a transporter.
  7559 | Gauntlet | Found a transporter.
  7562 | Gauntlet | Noticed a hell beast
  7569 | Gauntlet | Found a transporter.
  7571 | Gauntlet | Noticed a blizzard demon
  7585 | Gauntlet | Found a transporter.
  7593 | Gauntlet | Found a runed translucent door.
  7595 | Gauntlet | Found a transporter.
  7597 | Gauntlet | Found a runed translucent door.
  7604 | Gauntlet | Noticed a ghost crab
  7605 | Gauntlet | Found a transporter.
  7619 | Gauntlet | Found a transporter.
  7628 | Gauntlet | Found a transporter.
  7630 | Gauntlet | Found a transporter.
  7662 | Gauntlet | Reached skill level 8 in Fighting
  7688 | Gauntlet | Found a transporter.
  7747 | Gauntlet | Killed a hell beast
  7783 | Gauntlet | Identified the +1 hat of the Jolly Wonders {rC+ Int-3 Dex+4
                  | Stlth+}
  7814 | Gauntlet | Identified the +6 dagger "Coov" {heavy, rPois Will+ MP+9}
  7814 | Gauntlet | Noticed a minotaur
  7836 | Gauntlet | Killed a minotaur
  7872 | Gauntlet | Identified the staff of the Lurker {Fly rPois rN+ rCorr
                  | Str+6 Necro}
  9128 | D:13     | Reached XP level 13. HP: 80/80 MP: 14/14
  9194 | D:13     | Reached skill level 9 in Fighting
  9296 | D:13     | Found a gate to the Vaults.
  9296 | D:13     | Noticed a vault guard
  9296 | D:13     | Noticed a vault guard
  9296 | D:13     | Noticed a vault guard
  9296 | D:13     | Noticed a vault guard
  9296 | D:13     | Noticed a vault guard
  9296 | D:13     | Noticed a vault guard
  9297 | D:13     | Noticed a vault guard
  9297 | D:13     | Noticed a vault guard
  9304 | D:13     | Killed a vault guard
  9310 | D:13     | Killed a vault guard
  9312 | D:13     | Killed a vault guard
  9312 | D:13     | Killed a vault guard
  9314 | D:13     | Killed a vault guard
  9314 | D:13     | Received a gift from Trog
  9314 | D:13     | Killed a vault guard
  9318 | D:13     | Killed a vault guard
  9330 | D:13     | Killed a vault guard
  9434 | D:13     | Reached skill level 10 in Armour
  9920 | D:14     | Noticed Rupert
  9930 | D:14     | Killed Rupert
  9931 | D:14     | Reached skill level 10 in Dodging
  9931 | D:14     | Reached skill level 1 in Stealth
 10293 | D:14     | Reached skill level 10 in Fighting
 10621 | D:14     | Reached XP level 14. HP: 88/88 MP: 15/15
 10944 | D:15     | Entered Level 15 of the Dungeon
 11166 | D:15     | Noticed Nessos
 11175 | D:15     | Killed Nessos
 11484 | D:15     | Found a corrupted altar of Lugonu.
 11703 | D:15     | Noticed a dire elephant
 11722 | D:15     | Killed a dire elephant
 11757 | D:15     | Found a staircase to the Depths.
 12177 | Orc:1    | Entered Level 1 of the Orcish Mines
 12195 | Orc:1    | Received a gift from Trog
 12287 | Orc:1    | Reached ****** piety under Trog
 12573 | Orc:2    | Entered Level 2 of the Orcish Mines
 12919 | Orc:2    | Found Ehiuqups's Book Boutique.
 12938 | Orc:2    | Found Jialu's Antique Weapon Shoppe.
 12940 | Orc:2    | Noticed an orc warlord
 12950 | Orc:2    | Reached skill level 5 in Stealth
 12967 | Orc:2    | Killed an orc warlord
 13096 | Orc:2    | Found Gobufuoxt's Assorted Antiques.
 13096 | Orc:2    | Found Zuith's Jewellery Boutique.
 13099 | Orc:2    | Reached skill level 10 in Shields
 13102 | Orc:2    | Received a gift from Trog
 13138 | Orc:2    | Bought an emerald potion for 25 gold pieces
 13138 | Orc:2    | Bought a translucent scale mail for 252 gold pieces
 13138 | Orc:2    | Identified the +0 scale mail of Sif Muna's Indignation
                  | {Contam rC+ Will+} (You bought it in a shop on level 2 of
                  | the Orcish Mines)
 13291 | Orc:2    | Found a staircase to the Elven Halls.
 13420 | Orc:2    | Bought the amulet "Baytzuth" {Acrobat rF+ rN+ Str+3} for
                  | 872 gold pieces
 13535 | Lair:1   | Entered Level 1 of the Lair of Beasts
 13811 | Lair:1   | Reached skill level 11 in Fighting
 14831 | Lair:2   | Received a gift from Trog
 14844 | Lair:2   | Noticed Urug
 14849 | Lair:2   | Killed Urug
 14898 | Lair:2   | Reached XP level 15. HP: 95/95 MP: 16/16
 14908 | Lair:2   | Noticed Amaemon
 14916 | Lair:2   | Killed Amaemon
 15139 | Lair:2   | Found a staircase to the Shoals.
 15172 | Lair:2   | Noticed Gastronok
 15177 | Lair:2   | Killed Gastronok
 15413 | Lair:3   | Lost mutation: Your flesh is cold resistant. (rC+) [potion
                  | of mutation]
 15413 | Lair:3   | Lost mutation: You sometimes lose your temper in combat.
                  | [potion of mutation]
 15413 | Lair:3   | Lost mutation: You are partially covered in iridescent
                  | scales. (AC +2) [potion of mutation]
 15413 | Lair:3   | Gained mutation: You are strong-willed. (Will+) [potion of
                  | mutation]
 15413 | Lair:3   | Gained mutation: Your muscles are strong. (Str +4, Int/Dex
                  | -1) [potion of mutation]
 15516 | Lair:3   | Found a staircase to the Snake Pit.
 16249 | Lair:4   | You are sucked into a shaft and drop 1 floor!
 16249 | Lair:5   | Entered Level 5 of the Lair of Beasts
 16274 | Lair:5   | Received a gift from Trog
 16336 | Lair:5   | Found a staircase to the Slime Pits.
 16579 | Lair:4   | Reached skill level 12 in Fighting
 16775 | Lair:4   | Received a gift from Trog
 17220 | Lair:5   | Identified the +10 trident "Huigunod" {flame, rN+ Will-
                  | Dex+7}
 17456 | Lair:5   | Reached XP level 16. HP: 97/103 MP: 17/17
 17566 | Lair:5   | Identified the +8 rapier "Suat" {heavy, +Blink Will- Str+3
                  | Dex+6} (Trog gifted it to you on level 5 of the Lair of
                  | Beasts)
 17566 | Lair:5   | Received a gift from Trog
 17635 | Lair:5   | Found the +10 Black Knight's barding {ponderous, rPois rN+}
 17644 | Lair:5   | Identified the +8 quarterstaff "Bomudwog" {elec, +Blink
                  | rElec rF+ Int-2}
 17916 | Snake:1  | Entered Level 1 of the Snake Pit
 17935 | Snake:1  | Found a transporter.
 17936 | Snake:1  | Noticed a nagaraja
 17993 | Snake:1  | Reached skill level 13 in Fighting
 18411 | Snake:1  | Identified the +7 spear of Wasias {flame, rC+}
 18443 | Snake:1  | Found a transporter.
 18465 | Snake:1  | Killed a nagaraja
 18497 | Snake:1  | Found a large runed translucent door.
 18497 | Snake:1  | Found a large runed translucent door.
 18504 | Snake:1  | Noticed Talonman3's ghost (journeyman DsNe)
 18814 | Snake:1  | Identified the +1 fire dragon scales "Neura" {rF++ rC-
                  | Will+}
 18962 | Snake:2  | Received a gift from Trog
 18992 | Snake:2  | Found a transporter.
 19013 | Snake:2  | Found a bloodstained altar of Trog.
 19013 | Snake:2  | Noticed Tristus's ghost (adept HOBe)
 19156 | Snake:2  | Found a transporter.
 19200 | Snake:2  | Acquired 1154 gold pieces
 19330 | Snake:2  | Reached skill level 14 in Fighting
 19884 | Snake:3  | Reached XP level 17. HP: 89/112 MP: 6/18
 20221 | Snake:3  | Received a gift from Trog
 20612 | Snake:4  | Entered Level 4 of the Snake Pit
 20839 | Snake:4  | Reached skill level 15 in Fighting
 20974 | Snake:4  | Received a gift from Trog
 21318 | Snake:4  | Reached skill level 15 in Armour
 21408 | Snake:4  | Got a serpentine rune of Zot
 21464 | Snake:4  | Identified the +11 falchion "Qidghatiy" {protect, rPois
                  | rN+}
 21517 | Snake:4  | Found Rodwy's General Store.
 21550 | Snake:4  | Bought a potion of curing for 42 gold pieces
 21550 | Snake:4  | Bought a potion of heal wounds for 70 gold pieces
 21550 | Snake:4  | Bought a scroll of brand weapon for 133 gold pieces
 21550 | Snake:4  | Bought a scroll of revelation for 105 gold pieces
 21550 | Snake:4  | Bought a scroll of revelation for 105 gold pieces
 21564 | Snake:4  | Identified the +0 buckler "Qenehy" {rN+ Int+2}
 21765 | Snake:2  | Reached skill level 15 in Dodging
 21979 | Elf:1    | Entered Level 1 of the Elven Halls
 21979 | Elf:1    | Found a runed translucent gate.
 21979 | Elf:1    | Found a runed translucent gate.
 21979 | Elf:1    | Found a runed translucent gate.
 21979 | Elf:1    | Found a runed translucent gate.
 21979 | Elf:1    | Found a runed translucent gate.
 21979 | Elf:1    | Found a runed translucent gate.
 21982 | Elf:1    | Found a runed translucent door.
 21992 | Elf:1    | Found a runed translucent door.
 22237 | Elf:1    | Reached XP level 18. HP: 119/120 MP: 6/19
 22251 | Elf:1    | Reached skill level 16 in Fighting
 22458 | Elf:1    | Found Zakkuj's Armour Emporium.
 22912 | Elf:2    | Paralysed by an air elemental for 1 turns
 22928 | Elf:2    | Received a gift from Trog
 23013 | Elf:2    | Found Birghal's Book Shop.
 23210 | Elf:2    | Found a runed translucent gate.
 23216 | Elf:2    | Found a runed translucent gate.
 23217 | Elf:2    | Found a runed translucent gate.
 23250 | Elf:2    | Noticed Louise
 23263 | Elf:2    | Killed Louise
 23836 | Elf:2    | Received a gift from Trog
 23881 | Elf:2    | Reached skill level 17 in Fighting
 23997 | Elf:3    | Entered Level 3 of the Elven Halls
 24422 | Elf:3    | Reached XP level 19. HP: 128/128 MP: 6/20
 24627 | Elf:3    | Identified the amulet "Paojav" {RegenMP Harm Rampage
                  | Fragile}
 24639 | Elf:3    | Identified the +1 plate armour "Yritipam" {rF+ rC+}
 24915 | Elf:3    | Identified the ring "Tootah" {Drain rF+ rN+++ Will+ Int+3}
 24920 | Elf:3    | Received a gift from Trog
 24924 | Elf:3    | Reached skill level 1 in Long Blades
 25108 | Elf:3    | Lost mutation: You are dopey. (Int -2) [potion of mutation]
 25108 | Elf:3    | Lost mutation: Your muscles are strong. (Str +4, Int/Dex
                  | -1) [potion of mutation]
 25108 | Elf:3    | Lost mutation: You are strong-willed. (Will+) [potion of
                  | mutation]
 25108 | Elf:3    | Gained mutation: You expend magic power (3 MP) to
                  | strengthen your wands. [potion of mutation]
 25162 | Elf:3    | Identified the +7 sling of Execution {heavy, rElec rC+
                  | Int-4 Dex+5}
 25181 | Elf:3    | Identified the +5 trident of the Spheres {protect, rN+
                  | Will+ Str+3}
 25232 | Elf:3    | Fell from the grace of Trog
 25237 | Elf:3    | Got a grimy book
 26022 | Temple   | Entered the Ecumenical Temple
 26030 | Temple   | Became a worshipper of Warmaster Okawaru
 26205 | Shoals:1 | Entered Level 1 of the Shoals
 26236 | Shoals:1 | Reached skill level 1 in Invocations
 26272 | Shoals:1 | Reached * piety under Okawaru
 26278 | Shoals:1 | Reached skill level 15 in Shields
 26295 | Shoals:1 | Reached skill level 18 in Fighting
 28793 | Shoals:2 | Reached ** piety under Okawaru
 28922 | Shoals:2 | Noticed Ilsuiw
 28964 | Shoals:2 | Killed Ilsuiw
 29915 | Shoals:3 | Got a grimy book
 29944 | Shoals:3 | Reached *** piety under Okawaru
 29955 | Shoals:3 | Noticed Aizul
 29963 | Shoals:3 | Killed Aizul
 30057 | Shoals:3 | Reached XP level 20. HP: 134/136 MP: 24/24
 30130 | Shoals:3 | Identified the +0 ring mail of Xeckel {Drain *Slow rPois
                  | rN+++}
 30556 | Shoals:4 | Entered Level 4 of the Shoals
 30556 | Shoals:4 | Noticed Mara
 30561 | Shoals:4 | Killed Mara
 30562 | Shoals:4 | Reached skill level 5 in Invocations
 30579 | Shoals:4 | Found a frozen archway.
 30583 | IceCv    | Entered an ice cave
 30772 | IceCv    | Reached **** piety under Okawaru
 30781 | IceCv    | Got a whispering book
 30921 | Shoals:4 | Noticed Polyphemus
 31002 | Shoals:4 | Killed Polyphemus
 31288 | Shoals:4 | Reached ***** piety under Okawaru
 31489 | Shoals:4 | Received a gift from Okawaru
 31524 | Shoals:4 | Got a barnacled rune of Zot
 31805 | Shoals:4 | Noticed Bai Suzhen
 32194 | Shoals:4 | Killed Bai Suzhen
 32559 | Shoals:4 | Identified the +3 falchion of Huogh {freeze, rC+ Str+3}
 32578 | Shoals:4 | Found the +2 hood of the Assassin {Detect Stab+ Stlth++}
 33146 | Vaults:1 | Entered Level 1 of the Vaults
 33146 | Vaults:1 | Noticed Donald
 33159 | Vaults:1 | Killed Donald
 33242 | Vaults:1 | Noticed Saint Roka
 33260 | Vaults:1 | Killed Saint Roka
 33373 | Vaults:1 | Reached skill level 19 in Fighting
 33700 | Vaults:1 | Reached XP level 21. HP: 144/144 MP: 28/28
 33722 | Vaults:1 | Got a worn book
 33726 | Vaults:1 | Learned a level 2 spell: Wereblood
 34057 | Vaults:1 | Received a gift from Okawaru
 34058 | Vaults:1 | Reached skill level 1 in Transmutations
 34084 | Vaults:1 | Identified the staff of the Dragonfly {rF+ Str+5 Fire}
 34322 | Vaults:1 | Noticed a bone dragon
 34398 | Vaults:1 | Killed a bone dragon
 34752 | Vaults:1 | Got a whispering book
 34900 | Vaults:1 | Found a transporter.
 34901 | Vaults:1 | Identified the +2 rapier of Kiusm {freeze, rElec rPois
                  | Int+2 SInv}
 34913 | Vaults:1 | Reached skill level 5 in Long Blades
 34930 | Vaults:1 | Noticed Gargoyl's ghost (adept GrBe)
 34950 | Vaults:1 | Found a transporter.
 35165 | Vaults:2 | Received a gift from Okawaru
 35473 | Vaults:2 | Noticed Boris
 35500 | Vaults:2 | Killed Boris
 35524 | Vaults:2 | Received a gift from Okawaru
 36146 | Vaults:2 | Received a gift from Okawaru
 36736 | Vaults:3 | Reached XP level 22. HP: 132/152 MP: 30/30
 36935 | Vaults:3 | Found a staircase to the Crypt.
 36935 | Vaults:3 | Found an ancient bone altar of Kikubaaqudgha.
 36935 | Vaults:3 | Found a basalt altar of Yredelemnul.
 36984 | Vaults:3 | Noticed Margery
 37015 | Vaults:3 | Killed Margery
 37269 | Vaults:3 | Reached skill level 20 in Fighting
 37323 | Vaults:3 | Found Jascholli's Magic Scroll Shoppe.
 37328 | Vaults:3 | Bought a scroll of identify for 34 gold pieces
 37332 | Vaults:3 | Bought a scroll of revelation for 127 gold pieces
 37332 | Vaults:3 | Bought a scroll of teleportation for 51 gold pieces
 37332 | Vaults:3 | Bought a scroll of teleportation for 51 gold pieces
 37332 | Vaults:3 | Bought a scroll of teleportation for 51 gold pieces
 37332 | Vaults:3 | Bought a scroll of teleportation for 51 gold pieces
 37419 | Vaults:3 | Was forgiven by Trog
 37657 | Vaults:3 | Reached skill level 10 in Invocations
 37868 | Vaults:4 | Noticed Frederick
 37876 | Vaults:4 | Received a gift from Okawaru
 37888 | Vaults:4 | Killed Frederick
 38036 | Vaults:4 | Identified the +1 hand axe of Yqouwn {pain, rF+ rN+ Dex-5}
 38061 | Vaults:4 | Noticed Zenata
 38083 | Vaults:4 | Killed Zenata
 38737 | Vaults:4 | Received a gift from Okawaru
 39233 | Crypt:1  | Entered Level 1 of the Crypt
 39647 | Crypt:1  | Reached skill level 10 in Long Blades
 39863 | Crypt:1  | Received a gift from Okawaru
 39925 | Crypt:1  | Reached XP level 23. HP: 128/158 MP: 10/32
 39969 | Crypt:1  | Noticed Boris
 40002 | Crypt:1  | Killed Boris
 40036 | Crypt:1  | Reached ****** piety under Okawaru
 40842 | Crypt:1  | Found an ancient bone altar of Kikubaaqudgha.
 41216 | Crypt:2  | Reached skill level 21 in Fighting
 41355 | Crypt:2  | Received a gift from Okawaru
 41680 | Crypt:3  | Entered Level 3 of the Crypt
 41832 | Crypt:3  | Found a basalt altar of Yredelemnul.
 41972 | Crypt:3  | Noticed Grunn
 41994 | Crypt:3  | Killed Grunn
 41996 | Crypt:3  | Received a gift from Okawaru
 42249 | Crypt:3  | Found a staircase to the Tomb.
 42249 | Crypt:3  | Noticed an ancient lich
 42279 | Crypt:3  | Killed an ancient lich
 42505 | Crypt:3  | Noticed Khufu
 42505 | Crypt:3  | Noticed a royal mummy
 42506 | Crypt:3  | Noticed a royal mummy
 42824 | Crypt:3  | Killed a royal mummy
 42993 | Crypt:3  | Killed Khufu
 43020 | Crypt:3  | Received a gift from Okawaru
 43026 | Crypt:3  | Killed a royal mummy
 43564 | Crypt:3  | Identified the ring of Higaivab {rN+ Dex+4}
 43564 | Crypt:3  | Identified the ring of Sumivah {rN+ Int+3}
 43564 | Crypt:3  | Identified the ring "Wivycwonko" {rN+ MP+9}
 43847 | Crypt:3  | Identified the amulet of Ekhaett {Acrobat Str+7 Dex-4
                  | Slay+6}
 43991 | Crypt:3  | Got a decrepit book
 44148 | Crypt:3  | Reached XP level 24. HP: 168/168 MP: 10/32
 44430 | Vaults:5 | Entered Level 5 of the Vaults
 44466 | Vaults:5 | Received a gift from Okawaru
 44494 | Vaults:5 | Found Dififi's Magic Scroll Shop.
 44522 | Vaults:5 | Bought 3 scrolls of enchant weapon for 337 gold pieces
 44522 | Vaults:5 | Bought a scroll of teleportation for 45 gold pieces
 44522 | Vaults:5 | Bought a scroll of enchant weapon for 112 gold pieces
 44522 | Vaults:5 | Bought a scroll of blinking for 112 gold pieces
 44522 | Vaults:5 | Bought a scroll of fog for 60 gold pieces
 44522 | Vaults:5 | Bought a scroll of fog for 60 gold pieces
 44562 | Vaults:5 | Reached skill level 22 in Fighting
 44685 | Vaults:5 | Found Jewumnesk's Distillery.
 44693 | Vaults:5 | Bought a potion of ambrosia for 152 gold pieces
 44693 | Vaults:5 | Bought a potion of invisibility for 152 gold pieces
 44693 | Vaults:5 | Bought a potion of haste for 190 gold pieces
 44693 | Vaults:5 | Bought a potion of enlightenment for 95 gold pieces
 44770 | Vaults:5 | Noticed an ancient lich
 44780 | Vaults:5 | Received a gift from Okawaru
 44788 | Vaults:5 | Killed an ancient lich
 44972 | Vaults:5 | Identified the +4 great sword of Calculation {flame, rPois
                  | rF+ Str-5 Stlth+}
 45057 | Vaults:5 | Identified the +4 scale mail of Action {Drain Fly Will+
                  | SInv}
 45061 | Vaults:5 | Got a silver rune of Zot
 45062 | Vaults:5 | Identified the +9 short sword "Wuocepru" {spect, Str-3
                  | Int+4 SInv}
 45365 | Vaults:5 | Identified the ring of Masmaud {rElec MP+9 Str-4 Int+2}
 45386 | Vaults:5 | Received a gift from Okawaru
 45536 | Vaults:5 | Identified the +2 arbalest "Vizeuv" {freeze, rCorr Stlth+}
 45580 | Vaults:5 | Identified the amulet of Xom's Ringing Laughter {RegenMP
                  | Dex+4 Stlth+}
 45605 | Vaults:5 | Received a gift from Okawaru
 45622 | Vaults:5 | Identified the +5 scale mail of Qetsas {Rampage Int+6
                  | Slay+2}
 45636 | Vaults:5 | Identified the +3 great mace "Esaotap" {freeze, rC+ rCorr}
 45636 | Vaults:5 | Identified the ring "Yntodont" {rC+ Slay+3}
 45745 | Vaults:5 | Identified the +0 plate armour of the Tormentor {Dex+3
                  | Slay+2}
 45749 | Vaults:5 | Got a quavering book
 45791 | Vaults:5 | Noticed an ancient lich
 45803 | Vaults:5 | Killed an ancient lich
 45804 | Vaults:5 | Reached XP level 25. HP: 139/152 MP: 32/32
 46158 | Vaults:5 | Identified the +1 leather armour of Elyvilon, Leaping
                  | {rCorr Dex+4}
 46585 | Slime:1  | Entered Level 1 of the Pits of Slime
 46822 | Lair:5   | Received a gift from Okawaru
 46942 | Slime:3  | Reached skill level 23 in Fighting
 46990 | Slime:5  | Entered Level 5 of the Pits of Slime
 47192 | Slime:5  | Received a gift from Okawaru
 47308 | Slime:5  | Found a viscous altar of Jiyva.
 47331 | Slime:5  | Gained mutation: You are dopey. (Int -2) [a shining eye]
 47338 | Slime:5  | Noticed the Royal Jelly
 47410 | Slime:5  | Killed the Royal Jelly
 47617 | Slime:5  | Identified the ring of Ziecesm {Str+6 Stlth+}
 47620 | Slime:5  | Identified the ring of Ujaen {Wiz rF- Int+8 Slay-6 Stlth+}
 47624 | Slime:5  | Identified the staff of Vengeance {rElec rF+ Int+7 Air}
 47689 | Slime:5  | Identified the +4 chain mail "Yron" {rF++ rN+ Dex+4}
 47692 | Slime:5  | Got a slimy rune of Zot
 47693 | Slime:5  | Identified the +10 rapier of Ruination {elec, Dex+4}
 47696 | Slime:5  | Identified the +0 scale mail of Intercession {Rampage Str-5
                  | Dex+5}
 47722 | Slime:5  | Got a mumbling book
 47727 | Slime:5  | Identified the +4 short sword of Wyrd {flame, *Slow Fly rC+
                  | Str+2}
 47742 | Slime:5  | Identified the staff "Ygiokel" {rF++ Earth}
 48021 | Shoals:4 | Acquired the +0 hat of the Growing Gods {rElec rPois Str-2
                  | Dex+9}
 48021 | Shoals:4 | Received a gift from Okawaru
 48419 | Depths:1 | Entered Level 1 of the Depths
 48707 | Depths:1 | Received a gift from Okawaru
 49026 | Depths:1 | Found Big Baal Hell's Store.
 49040 | Depths:1 | Found a gateway to Hell.
 49043 | Depths:1 | Bought the +3 eudemon blade of the Hawk {holy, rCorr} for
                  | 4197 gold pieces
 49090 | Depths:1 | Found a one-way gate to the infinite horrors of the Abyss.
 49425 | Depths:2 | Found a one-way gateway to a ziggurat.
 49732 | Depths:2 | Reached XP level 26. HP: 161/183 MP: 32/32
 49746 | Depths:2 | Received a gift from Okawaru
 49747 | Depths:2 | Found a one-way gate leading to the halls of Pandemonium.
 50026 | Depths:2 | Identified the +5 ring mail "Taut" {rN+ Str+2}
 50173 | Depths:2 | Identified the ring of Istrat {rPois Will+}
 50173 | Depths:2 | Paralysed by a floating eye for 3 turns
 50180 | Depths:2 | Paralysed by a floating eye for 3 turns
 50352 | Depths:2 | Identified the ring of Baluoguc {*Slow rN+ Dex+6 Stlth+}
 50408 | Depths:2 | Identified the amulet "Syej" {Acrobat *Slow Fragile rElec
                  | rCorr Stlth+}
 50850 | Depths:3 | Received a gift from Okawaru
 51048 | Depths:3 | Noticed a juggernaut
 51071 | Depths:3 | Killed a juggernaut
 51106 | Depths:3 | Identified the +6 rapier of Dishonour {spect, Fragile rElec
                  | SInv Stlth+}
 51109 | Depths:3 | Identified the +7 mace of Boecs {heavy, *Corrode rN++ MP+9}
 51113 | Depths:3 | Identified the +9 falchion of the Sneaky Places {flame,
                  | Contam rC+ MP+9 Dex+2}
 51357 | Depths:3 | Reached skill level 24 in Fighting
 51812 | Depths:4 | Entered Level 4 of the Depths
 51966 | Depths:4 | Received a gift from Okawaru
 51981 | Depths:4 | Found a gate to the Realm of Zot.
 52120 | Depths:4 | Noticed Boris
 52235 | Depths:4 | Killed Boris
 52370 | Depths:4 | Found a broken altar of Ashenzari.
 52620 | Depths:4 | Reached skill level 5 in Transmutations
 52784 | Zot:1    | Entered Level 1 of the Realm of Zot
 52868 | Zot:1    | Reached XP level 27. HP: 158/192 MP: 32/32
 52972 | Zot:1    | Received a gift from Okawaru
 53063 | Zot:1    | Noticed an orb of fire
 53072 | Zot:1    | Gained mutation: You are frail. (-10% HP) [an orb of fire]
 53079 | Zot:1    | Gained mutation: You are vulnerable to heat. (rF-) [an orb
                  | of fire]
 53083 | Zot:1    | Killed an orb of fire
 53117 | Zot:1    | Reached skill level 25 in Fighting
 53186 | Zot:1    | Found a huge runed gate.
 53186 | Zot:1    | Found a huge runed gate.
 53186 | Zot:1    | Found a huge runed gate.
 53187 | Zot:1    | Found a huge runed gate.
 53188 | Zot:1    | Found a huge runed gate.
 53188 | Zot:1    | Found a huge runed gate.
 53189 | Zot:1    | Found a huge runed gate.
 53199 | Zot:1    | Found the +4 dragonskin cloak
 53199 | Zot:1    | Noticed Tiamat
 53254 | Zot:1    | Killed Tiamat
 53344 | Zot:1    | Found a huge runed gate.
 53344 | Zot:1    | Found a huge runed gate.
 53344 | Zot:1    | Found a huge runed gate.
 53362 | Zot:1    | Found a huge runed gate.
 53362 | Zot:1    | Found a huge runed gate.
 53362 | Zot:1    | Found a huge runed gate.
 53362 | Zot:1    | Found a huge runed gate.
 53362 | Zot:1    | Found a huge runed gate.
 53362 | Zot:1    | Found a huge runed gate.
 53363 | Zot:1    | Found a huge runed gate.
 53364 | Zot:1    | Found a huge runed gate.
 53365 | Zot:1    | Found a huge runed gate.
 53373 | Zot:1    | Found a huge runed gate.
 53373 | Zot:1    | Found a huge runed gate.
 53373 | Zot:1    | Found a huge runed gate.
 53373 | Zot:1    | Found a huge runed gate.
 53373 | Zot:1    | Found a huge runed gate.
 53373 | Zot:1    | Found a huge runed gate.
 53374 | Zot:1    | Found a huge runed gate.
 53375 | Zot:1    | Found a huge runed gate.
 53376 | Zot:1    | Found a huge runed gate.
 53384 | Zot:1    | Found a huge runed gate.
 53384 | Zot:1    | Found a huge runed gate.
 53384 | Zot:1    | Found a huge runed gate.
 53384 | Zot:1    | Found a huge runed gate.
 53384 | Zot:1    | Found a huge runed gate.
 53384 | Zot:1    | Found a huge runed gate.
 53385 | Zot:1    | Found a huge runed gate.
 53386 | Zot:1    | Found a huge runed gate.
 53692 | Zot:2    | Received a gift from Okawaru
 54756 | Zot:4    | Received a gift from Okawaru
 55147 | Zot:3    | Received a gift from Okawaru
 55154 | Zot:3    | Reached skill level 26 in Fighting
 55383 | Zot:3    | Reached skill level 10 in Transmutations
 55917 | Zot:5    | Entered Level 5 of the Realm of Zot
 55937 | Zot:5    | Noticed an orb of fire
 55946 | Zot:5    | Gained mutation: You occasionally shout uncontrollably at
                  | your foes. [an orb of fire]
 55955 | Zot:5    | Killed an orb of fire
 56011 | Zot:5    | Received a gift from Okawaru
 56203 | Zot:5    | Noticed a dread lich
 56215 | Zot:5    | Noticed an orb of fire
 56219 | Zot:5    | Noticed an ancient lich
 56224 | Zot:5    | Killed a dread lich
 56231 | Zot:5    | Killed an orb of fire
 56235 | Zot:5    | Noticed an orb of fire
 56251 | Zot:5    | Killed an orb of fire
 56252 | Zot:5    | Killed an ancient lich
 56259 | Zot:5    | Received a gift from Okawaru
 56272 | Zot:5    | Noticed an ancient lich
 56280 | Zot:5    | Noticed a dread lich
 56288 | Zot:5    | Killed an ancient lich
 56296 | Zot:5    | Killed a dread lich
 56297 | Zot:5    | Noticed an ancient lich
 56324 | Zot:5    | Received a gift from Okawaru
 56336 | Zot:5    | Killed an ancient lich
 56358 | Zot:5    | Reached skill level 15 in Invocations
 56509 | Zot:5    | Received a gift from Okawaru
 57101 | Zot:5    | Lost mutation: You are frail. (-10% HP) [potion of
                  | mutation]
 57101 | Zot:5    | Lost mutation: You expend magic power (3 MP) to strengthen
                  | your wands. [potion of mutation]
 57101 | Zot:5    | Gained mutation: You are agile. (Dex +4, Str/Int -1)
                  | [potion of mutation]
 57101 | Zot:5    | Gained mutation: You do not regenerate when monsters are
                  | visible. [potion of mutation]
 57102 | Zot:5    | Lost mutation: You occasionally shout uncontrollably at
                  | your foes. [potion of mutation]
 57102 | Zot:5    | Lost mutation: You do not regenerate when monsters are
                  | visible. [potion of mutation]
 57102 | Zot:5    | Lost mutation: You are agile. (Dex +4, Str/Int -1) [potion
                  | of mutation]
 57102 | Zot:5    | Gained mutation: You are weak. (Str -2) [potion of
                  | mutation]
 57102 | Zot:5    | Gained mutation: You have sharp fingernails. [potion of
                  | mutation]
 57103 | Zot:5    | Lost mutation: You are vulnerable to heat. (rF-) [potion of
                  | mutation]
 57103 | Zot:5    | Lost mutation: You are dopey. (Int -2) [potion of mutation]
 57103 | Zot:5    | Gained mutation: Your magical capacity is low. (-10% MP)
                  | [potion of mutation]
 57104 | Zot:5    | Lost mutation: You are weak. (Str -2) [potion of mutation]
 57104 | Zot:5    | Lost mutation: Your magical capacity is low. (-10% MP)
                  | [potion of mutation]
 57104 | Zot:5    | Lost mutation: You have sharp fingernails. [potion of
                  | mutation]
 57104 | Zot:5    | Gained mutation: You are agile. (Dex +4, Str/Int -1)
                  | [potion of mutation]
 57104 | Zot:5    | Gained mutation: Your system is resistant to poisons.
                  | (rPois) [potion of mutation]
 57104 | Zot:5    | Gained mutation: You expend magic power (3 MP) to
                  | strengthen your wands. [potion of mutation]
 57106 | Zot:5    | Got the Orb of Zot
 57339 | Depths:1 | Noticed Boris
 57472 | D:12     | Noticed Yvodymel the pandemonium lord
 57472 | D:12     | Noticed an ancient lich
 57485 | D:12     | Killed Yvodymel the pandemonium lord
 57491 | D:12     | Killed an ancient lich
 57729 | D:$      | Escaped with the Orb!

Illustrated notes

Levels and vault maps discovered:
D:1:      scummos_arrival_simple_crosswalls, layout_basic
D:2:      layout_rooms
D:3:      wad_woods_stonehenge, layout_loops_cross,
          nicolae_kikubaaqudgha_miasma_corner, uniq_sigmund
D:4:      layout_cave_pools
D:5:      layout_basic, mainiacjoe_overflow_brackets,
          minmay_temple_entry_sparse_star, kennysheep_big_empty_room,
          uniq_edmund, uniq_pikel
D:6:      layout_basic, lemuel_blue_sif_altar, serial_aquarium,
          aquarium_bridge_square [aquarium_subvault_wall,
          aquarium_subvault_bridge, aquarium_subvault_wall,
          aquarium_subvault_window], aquarium_window_corner, aquarium_window_1,
          aquarium_view_2d, aquarium_view_2e, uniq_jeremiah
D:7:      layout_rooms, mainiacjoe_overflow_two_lobes, serial_glass,
          glass_columns_a, glass_columns_a, glass_columns_b, glass_columns_a,
          nicolae_shop_i_like_big_books
D:8:      layout_basic, enter_bailey_8, hangedman_abyss_or_decor_stabs,
          nicolae_diode_quadrants
D:9:      layout_small_grid, david_lair_generic,
          kennysheep_orc_monster_closet_entryway
D:10:     layout_basic, nicolae_overflow_hallway_of_the_gods,
          nicolae_qazlal_scattered_showers, minmay_radiant, uniq_psyche
D:11:     layout_cave_pods, gauntlet_entry_generic, serial_park,
          serial_park_paths [serial_park_minivault_5x5_7], serial_park_square3
          [serial_park_minivault_5x5_4], serial_park_square2,
          serial_park_square2, serial_park_tiny_pond
D:12:     layout_roguey, david_defended_altar_orc
D:13:     layout_cave_pools, erik_vaults_2, roderic_serpentine_path
D:14:     layout_layer_cave, serial_glass, glass_columns_a, glass_columns_c,
          glass_columns_b, glass_columns_c, uniq_rupert
D:15:     hangedman_depths_entry_try_elsewhere_first, layout_layer_cave,
          nicolae_kite_square_tiling_tiny, tgw_lugonu_bribe, uniq_nessos
Temple:   hellmonk_temple_rainy
Lair:1:   layout_layer_cave
Lair:2:   layout_concentric_octagons, elwin_shoals_entry_rooms,
          grunt_megastairs_1, infiniplex_staircase_pool, uniq_gastronok,
          uniq_urug, uniq_amaemon
Lair:3:   layout_cave_pods, minmay_snake_entry_guardpost_small
Lair:4:   layout_small_grid
Lair:5:   minmay_lair_end_enchanted_forest, layout_misc_corridors,
          nicolae_slime_entry_field_trip, serial_bayou_crossing
Shoals:1: layout_shoals
Shoals:2: layout_shoals, uniq_ilsuiw
Shoals:3: layout_shoals, uniq_aizul
Shoals:4: shoals_end_simple, layout_shoals, shoals_ilsuiw_ice,
          portal_ice_cave_entry_pillars_three, uniq_polyphemus, uniq_bai_suzhen,
          uniq_mara
Snake:1:  gammafunk_sealed_arena, layout_rooms, ebering_ghost_disaster_area,
          nicolae_snake_gridmaze_big_u
Snake:2:  layout_misc_corridors, gammafunk_ghost_wrathful_warriors
Snake:3:  layout_onion, grunt_megastairs_4
Snake:4:  johnstein_snake_rune_scales, layout_grid_shapes, serial_shops, shop,
          special_room
Slime:1:  layout_caves
Slime:2:  layout_caves
Slime:3:  layout_caves, cheibrodos_slime_lost_civilization_6
Slime:4:  layout_caves
Slime:5:  slime_pit_nicolae_jellycorners
Orc:1:    layout_caves, basic_altar
Orc:2:    st_orc_town, layout_caves
Elf:1:    nicolae_elf_arrival_dilemma, layout_loops_corners, serial_shops, shop,
          minmay_elf_annihilation
Elf:2:    nicolae_elf_blades_splatter_lattice
          [nicolae_blade_entry_diamond_columns], layout_rooms, serial_shops,
          nicolae_shop_tiny_statue_garden, uniq_louise
Elf:3:    minmay_elf_hall_statues, layout_loops_cross,
          nicolae_elf_free_trip_to_the_abyss
Vaults:1: gammafunk_ghost_arena, hangedman_vaults_nodes, st_check,
          nicolae_vaults_surprise_closet, ontoclasm_vaults_loading_screen,
          nicolae_vaults_house_2, nicolae_vaults_asterisk, vaults_room_hallway,
          layout_vaults_omnigrid, serial_hangedman_research,
          hangedman_research_metamorphosis, hangedman_research_thanatology,
          uniq_saint_roka, uniq_donald
Vaults:2: st_quartered_hall, vaults_room_grid, nicolae_vaults_specimen_jars,
          vaults_room_hallway, nicolae_vaults_oval_intersection,
          nicolae_vaults_closet_pinwheel_6, hangedman_vaults_trim,
          nicolae_vaults_what_the_h, ontoclasm_vaults_loading_screen,
          vaults_mumra_chevron_long, nicolae_vaults_storage_room_statues,
          grunt_vaults_hallway_short, nicolae_vaults_network_square,
          nicolae_vaults_border_crossing, nicolae_vaults_tetromino_Z_1,
          nicolae_vaults_little_squares_6, layout_vaults_ring, uniq_boris
Vaults:3: vaults_dpeg_spiral, minmay_crypt_entry_necro_gods,
          nicolae_vaults_trapezoid_lopsided_1, vaults_mumra_lcd,
          nicolae_vaults_house_2, v_rooms_5, grunt_vaults_trifunnel,
          vaults_room_pools, layout_vaults_omnicross, serial_glass,
          serial_shops, shop, uniq_margery
Vaults:4: st_cells, v_pattern_5, nicolae_vaults_heist, nicolae_vaults_big_ls,
          hangedman_vaults_hat, nicolae_vaults_closet_pinwheel_4,
          nicolae_vaults_little_squares_1, hangedman_vaults_snaps,
          vaults_dpeg_cross, serial_ice_b, layout_vaults_omnibox, uniq_zenata,
          uniq_frederick
Vaults:5: serial_shops
Crypt:1:  layout_catacombs, lemuel_upstairs_altar
Crypt:2:  layout_misc_corridors
Crypt:3:  grunt_crypt_end_deaths_head, uniq_grunn, uniq_khufu
Depths:1: layout_cave_pools, marbit_kobold_abyss_entry,
          nicolae_hell_entry_big_baal_hell, chequers_serial_rivers_room_a,
          minmay_holes, nzn_random_ring
Depths:2: minmay_the_grid_triangle_9x9_rhombus_thin
          [minmay_the_grid_triangle_9x9_zippers_horizontal,
          minmay_the_grid_triangle_9x9_prize_special,
          minmay_the_grid_triangle_9x9_sprig,
          minmay_the_grid_triangle_9x9_zippers_vertical], layout_gridlike,
          enter_ziggurat_f, nicolae_elevator_lobby_plus, rand_demon_pan_entry_3,
          grunt_hell_entry_dis_grunt
Depths:3: giant_chief_lemuel, layout_gridlike, hell_entry,
          minmay_room_of_horrors, infiniplex_staircase_x, firewood_loft
Depths:4: evilmike_zot_entry_argh, layout_long_grid,
          cheibrodos_ashenzari_chains, hell_entry, pan_entry
Zot:1:    layout_misc_corridors, gammafunk_ghost_door_vault, grunt_megastairs_5,
          uniq_tiamat
Zot:2:    circus_mu, layout_misc_corridors, bh_zot_ikea_curve
Zot:3:    layout_cellular_growth, lemuel_elevator
Zot:4:    layout_basic
Zot:5:    layout_twisted_circle

Skill      XL: |  1  2  3  4  5  6  7  8  9 10 11 12 13 14 15 16 17 18 19 20 21 22 23 24 25 26 27 |
---------------+----------------------------------------------------------------------------------+-----
Short Blades   | 4 5 7 9 11 13 14 | 14.0
Armour         | 3 4 5 6 8 9 10 11 13 14 15 16 17 18 19 20 21 22 | 22.0
Dodging        | 3 4 5 6 7 9 10 11 13 14 15 16 17 18 19 20 21 22 | 22.0
Fighting       | 4 5 6 7 8 10 11 12 14 15 17 18 19 20 21 22 23 24 26 | 26.0
Shields        | 1 3 5 6 7 9 10 11 12 13 14 15 16 17 18 19 21 22 | 22.0
Shapeshifting  | 1 6 7 |  7.0
Stealth        | 2 6 |  6.0
Long Blades    | 4 7 10 13 | 13.5
Invocations    | 4 8 9 11 17 | 17.2
Transmutations | 4 5 11 | 11.0

Action                     |  1- 3 |  4- 6 |  7- 9 | 10-12 | 13-15 | 16-18 | 19-21 | 22-24 | 25-27 || total
---------------------------+-------+-------+-------+-------+-------+-------+-------+-------+-------++-------
  Melee: Short sword       |    72 |    53 |       |       |       |       |       |       |       ||   125
         Peck              |     7 |    18 |    70 |   191 |   383 |   584 |  1343 |  1342 |   951 ||  4889
         Kick              |    18 |    37 |   101 |   323 |   667 |   944 |  2027 |  2046 |  1495 ||  7658
         Punch             |     1 |       |       |       |       |       |       |       |       ||     1
         Dagger            |       |    76 |   299 |   404 |       |       |       |       |       ||   779
         Quick blade       |       |       |       |   323 |  1424 |  1843 |  2157 |  2012 |       ||  7759
         Double sword      |       |       |       |       |       |       |    60 |       |       ||    60
         Demon blade       |       |       |       |       |       |       |  1042 |  1188 |  2293 ||  4523
         Eudemon blade     |       |       |       |       |       |       |       |       |    80 ||    80
   Cast: Wereblood         |       |       |       |       |       |       |       |       |    12 ||    12
 Invoke: Berserk           |     2 |     3 |     3 |     2 |     1 |     6 |     2 |       |       ||    19
         Trog's Hand       |       |     1 |       |       |     2 |    16 |     3 |       |       ||    22
         Brothers in Arms  |       |       |       |       |       |     2 |     2 |       |       ||     4
         Heroism           |       |       |       |       |       |       |    11 |     8 |    13 ||    32
         Renounce Religion |       |       |       |       |       |       |     1 |       |       ||     1
         Finesse           |       |       |       |       |       |       |     4 |     7 |     9 ||    20
         Receive Armour    |       |       |       |       |       |       |       |       |     1 ||     1
  Evoke: Wand              |       |       |     4 |       |     9 |       |    16 |       |     7 ||    36
         Lightning rod     |       |       |       |       |     4 |       |       |       |       ||     4
         Condenser vane    |       |       |       |       |     1 |       |       |       |       ||     1
    Use: Scroll            |       |       |       |    18 |    11 |    11 |    19 |    13 |    20 ||    92
         Potion            |       |       |       |     5 |     2 |     4 |     8 |     6 |    20 ||    45
   Stab: Sleeping          |       |       |       |       |     1 |       |    19 |     6 |     3 ||    29
         Confused          |       |       |       |       |     1 |       |       |       |       ||     1
         Fleeing           |       |       |       |       |       |     1 |       |       |       ||     1
         Distracted        |       |       |       |       |       |       |     3 |     6 |     2 ||    11
 Armour: Animal skin       |    27 |    20 |       |       |       |       |       |       |       ||    47
         Ring mail         |       |     9 |       |       |       |       |       |       |       ||     9
         Scale mail        |       |    24 |    19 |   152 |    32 |       |       |       |       ||   227
         Chain mail        |       |       |    11 |       |       |       |       |       |   503 ||   514
         Robe              |       |       |    37 |    32 |       |       |       |       |       ||    69
         Plate armour      |       |       |       |       |   126 |   220 |    71 |       |       ||   417
         Skin              |       |       |       |       |     6 |       |       |       |       ||     6
         Quicksilver drago |       |       |       |       |       |       |   195 |       |       ||   195
         Storm dragon scal |       |       |       |       |       |       |   466 |   501 |   114 ||  1081
  Dodge: Dodged            |    50 |    66 |   152 |   336 |   439 |   638 |  2087 |  1384 |  1532 ||  6684
  Block: Kite shield       |       |    39 |    96 |   157 |       |       |       |       |  1506 ||  1798
         Buckler           |       |       |       |    47 |   324 |   401 |  1337 |   975 |   255 ||  3339
         Reflection        |       |       |       |       |       |       |     9 |       |       ||     9
   Form: Beast             |       |       |     1 |     2 |     6 |     1 |     2 |       |       ||    12
                           |       |       |       |     2 |     6 |     1 |     3 |       |       ||    12

Table legend: (Time is in decaauts)
 A = Elapsed time spent in this place.
 B = Non-inter-level travel time spent in this place.
 C = Inter-level travel time spent in this place.
 D = Time resting spent in this place.
 E = Time spent auto-exploring this place.
 F = Levels seen in this place.
 G = Mean time per level.
                   A        B        C        D        E       F      G
               +--------+--------+--------+--------+--------+-----+--------+
         Total |  55308 |  49546 |   5762 |   6684 |  28611 |  59 |  937.4 |
       Dungeon |  12813 |  10868 |   1945 |    875 |   7721 |  15 |  854.2 |
        Temple |     32 |     25 |      7 |      0 |      0 |   1 |   32.0 |
          Lair |   5491 |   4553 |    938 |    140 |   3637 |   5 | 1098.2 |
        Shoals |   5453 |   4950 |    503 |   1397 |   2095 |   4 | 1363.2 |
     Snake Pit |   3879 |   3686 |    193 |    752 |   1940 |   4 |  969.8 |
    Slime Pits |    883 |    883 |      0 |     51 |    169 |   5 |  176.6 |
  Orcish Mines |   1647 |   1258 |    389 |      0 |    894 |   2 |  823.5 |
   Elven Halls |   4210 |   3662 |    548 |    751 |   1766 |   3 | 1403.3 |
        Vaults |   7359 |   6838 |    521 |    472 |   3615 |   5 | 1471.8 |
         Crypt |   4553 |   4405 |    148 |   1578 |   1865 |   3 | 1517.7 |
        Depths |   4135 |   3905 |    230 |    234 |   2553 |   4 | 1033.8 |
           Zot |   3926 |   3591 |    335 |    241 |   2158 |   5 |  785.2 |
        Bailey |    367 |    367 |      0 |     58 |    132 |   1 |  367.0 |
      Ice Cave |    203 |    203 |      0 |     31 |     47 |   1 |  203.0 |
      Gauntlet |    348 |    348 |      0 |    101 |     15 |   1 |  348.0 |
               +--------+--------+--------+--------+--------+-----+--------+

Top non-repeatable levels by time:
 Crypt:3: 2296 daAuts
Shoals:4: 2044 daAuts
   Elf:3: 1960 daAuts
Vaults:1: 1875 daAuts
  Lair:1: 1598 daAuts
Vaults:5: 1539 daAuts
Shoals:1: 1518 daAuts
Vaults:2: 1433 daAuts
 Crypt:1: 1361 daAuts
Depths:2: 1289 daAuts
Depths:3: 1269 daAuts
Vaults:4: 1260 daAuts
Vaults:3: 1251 daAuts
    D:14: 1248 daAuts
   Orc:2: 1198 daAuts
